 Dungeon Crawl Stone Soup version 0.19-a0-1072-g3763c35 (webtiles) character file.

11581 Jmtri7 the Fencer (level 11, -4/83 HPs)
             Began as a Minotaur Berserker on Aug 5, 2016.
             Was a High Priest of Trog.
             Killed from afar by a battlesphere (8 damage)
             ... created by a deep elf mage
             ... on level 11 of the Dungeon.
             The game lasted 00:30:12 (9074 turns).

Jmtri7 the Fencer (Minotaur Berserker)              Turns: 9074, Time: 00:30:12

Health: -4/83      AC: 12    Str: 26    XL:     11   Next: 51%
Magic:  10/10      EV: 20    Int:  4    God:    Trog [*****.]
Gold:   686        SH:  0    Dex: 17    Spells: 0 memorised, 10 levels left

rFire  + . .     SeeInvis .     H - +4 great sword (curse)
rCold  x . .     Gourm    +     f - +1 robe of the Prince {rElec rF+ rC- Dex+3} (curse)
rNeg   . . .     Faith    .     (shield currently unavailable)
rPois  .         Spirit   .     (helmet restricted)
rElec  +         Dismiss  .     d - +1 cloak
rCorr  .         Reflect  .     D - +0 pair of gloves
SustAt .         Harm     .     o - +2 pair of boots
MR     .....                    j - amulet of the gourmand
Stlth  ++........               a - +6 ring of slaying (curse)
                                m - +3 ring of protection

@: mighty, lethally poisoned (-4 -> -23), exhausted, slowed, very slow
A: retaliatory headbutt, horns 2
a: Berserk, Trog's Hand, Brothers in Arms, Burn Spellbooks, Renounce Religion


You were on level 11 of the Dungeon.
You worshipped Trog.
Trog was extremely pleased with you.
You were very full.

You visited 1 branch of the dungeon, and saw 11 of its levels.

You collected 686 gold pieces.

Inventory:

Hand Weapons
 H - a cursed +4 great sword (weapon)
Armour
 d - a +1 cloak (worn)
 f - the cursed +1 robe of the Prince (worn) {rElec rF+ rC- Dex+3}
   (You found it on level 8 of the Dungeon)

   It affects your dexterity (+3).
   It protects you from fire.
   It makes you vulnerable to cold.
   It insulates you from electricity.
   It has a curse placed upon it.
 o - a +2 pair of boots (worn)
 D - a +0 pair of gloves (worn)
 G - a +2 robe of the Archmagi
Jewellery
 a - a cursed +6 ring of slaying (right hand)
 j - an amulet of the gourmand (around neck)
 m - a +3 ring of protection (left hand)
Wands
 u - a wand of disintegration (13/24)
Scrolls
 e - 7 scrolls of teleportation
 i - 5 scrolls of magic mapping
 s - a scroll of enchant weapon
 y - a scroll of summoning {unknown}
 B - a scroll of fear
Potions
 b - 2 potions of agility
 k - 5 potions of lignification
 n - 6 potions of curing
 q - 4 potions of brilliance
 r - 3 potions of heal wounds
 t - 2 potions of haste
 v - 2 potions of magic
 w - 5 potions of flight
 z - a potion of cure mutation {unknown}
 A - 2 potions of might
Comestibles
 c - 6 bread rations
 g - 6 beef jerkies
 h - 6 meat rations
 p - 2 slices of pizza
 x - 2 royal jellies


   Skills:
 - Level 3.9 Fighting
 + Level 17.6 Long Blades
 - Level 2.4 Armour
 - Level 10.5 Dodging


You had 10 spell levels left.
You didn't know any spells.

Dungeon Overview and Level Annotations

Branches:
Dungeon (11/15)            Temple (0/1) D:6            Lair (0/6) D:8
    Orc: D:9-12

Altars:
Ashenzari
Cheibriados
Fedhas
Hepliaklqana
Makhleb
Nemelex Xobeh
Okawaru
Pakellas
Qazlal
Ru
Trog
Vehumet

Portals:
Trove: D:10 (give +2 shadow dragon armour)

Annotations:
D:9 Maurice


Innate Abilities, Weirdness & Mutations

You reflexively headbutt those who attack you in melee.
You have a pair of horns on your head.


Message History

You feel very sick. The deep elf mage misses you.
You riposte.
You closely miss the deep elf mage. Your headbutt misses the deep elf mage.
The deep elf mage is almost dead.
The deep elf mage barely misses you.
You riposte.
You slice the deep elf mage!!
You kill the deep elf mage!
Trog accepts your kill.
Trog appreciates your killing of a magic user.
A battlesphere comes into view.
You slash the deep elf mage!
You kill the deep elf mage!
Trog accepts your kill.
Trog appreciates your killing of a magic user.
* * * LOW HITPOINT WARNING * * *
You feel sick.
The deep elf mage gestures at you while chanting.
The orb of energy hits you!
* * * LOW HITPOINT WARNING * * *
The battlesphere fires!
The barrage of energy hits you!
You die...

#.###.# ##......
#.#.#...###.......
#.#......###......
#.#...$..###.#....
#
#.##......########
#. #.###...#.#
####.##..[Y....§#
..........)).##...o
......)@§).#.#
.....
.....e*))..#.# ....
...##>##../#.# #...
. #.. #...#.# #8#
#. #...#.# #.
#.....# # #.....#
#...#(# ...#..


You could see a deep elf mage, an ice beast and a battlesphere.

Vanquished Creatures
  Erica (D:9)
  8 deep elf magi (D:11)
  Joseph (D:9)
  A centaur zombie (D:8)
  A gargoyle (D:11)
  The ghost of Jmtri7 the Shield-Bearer, an amateur MiFi (D:4)
  Prince Ribbit (D:8)
  Sigmund (D:3)
  4 yaks (D:10)
  2 hungry ghosts
  A steam dragon (D:9)
  2 hippogriffs
  6 orc warriors
  2 ice beasts (D:10)
  2 sky beasts
  A wasp (D:11)
  8 ogres
  3 phantoms
  2 centaurs (D:8)
  A crocodile (D:9)
  A big kobold (D:10)
  2 giant frogs
  5 scorpions
  A water moccasin skeleton (D:11)
  5 killer bees
  8 wights
  3 howler monkeys (D:10)
  A giant frog zombie (D:3)
  4 crimson imps
  A quasit (D:8)
  3 jellies
  A wasp zombie (D:7)
  7 orc priests
  2 centaur skeletons
  2 giant frog skeletons
  Crazy Yiuf (D:3)
  4 hounds
  Ijyb (D:3)
  10 orc wizards
  5 worker ants
  2 hound zombies
  A howler monkey zombie (D:8)
  12 adders
  10 gnolls
  A howler monkey skeleton (D:10)
  2 river rats (D:8)
  3 oozes
  An adder zombie (D:8)
  An adder skeleton (D:9)
  2 worms
  3 dart slugs
  2 giant geckos (D:4)
  30 orcs
  A ball python (D:1)
  18 bats
  5 giant cockroaches
  8 hobgoblins
  16 jackals
  6 kobolds
  3 quokkas
  A giant gecko zombie (D:6)
  5 giant newts
  5 goblins
  A quokka zombie (D:5)
  20 rats
275 creatures vanquished.

Vanquished Creatures (others)
  A lightning spire (D:6)
1 creature vanquished.

Grand Total: 276 creatures vanquished

Notes
Turn   | Place    | Note
-------+----------+-------------------------------------------
     0 | D:1      | Jmtri7 the Minotaur Berserker began the quest for the Orb.
     0 | D:1      | Reached XP level 1. HP: 19/19 MP: 0/0
    43 | D:1      | Reached skill level 4 in Long Blades
   105 | D:1      | Reached XP level 2. HP: 25/26 MP: 1/1
   559 | D:1      | Reached skill level 5 in Long Blades
   764 | D:2      | Found a blossoming altar of Fedhas.
   828 | D:2      | Reached XP level 3. HP: 31/31 MP: 2/2
   983 | D:2      | Reached ** piety under Trog
  1010 | D:2      | Reached skill level 6 in Long Blades
  1010 | D:2      | Reached XP level 4. HP: 39/39 MP: 3/3
  1120 | D:2      | Found a stormy altar of Qazlal.
  1679 | D:3      | Reached skill level 7 in Long Blades
  1679 | D:3      | Reached XP level 5. HP: 40/45 MP: 4/4
  1683 | D:3      | Noticed Sigmund
  1694 | D:3      | Killed Sigmund
  1694 | D:3      | Reached skill level 8 in Long Blades
  1694 | D:3      | Reached XP level 6. HP: 40/51 MP: 5/5
  1723 | D:3      | Found an iron altar of Okawaru.
  1741 | D:3      | Noticed Ijyb
  1752 | D:3      | Killed Ijyb
  1804 | D:3      | Reached *** piety under Trog
  1995 | D:3      | Reached skill level 9 in Long Blades
  2057 | D:3      | Found a runed door.
  2061 | D:3      | Noticed Crazy Yiuf
  2064 | D:3      | Killed Crazy Yiuf
  2159 | D:4      | Reached XP level 7. HP: 52/57 MP: 6/6
  2309 | D:4      | Reached skill level 10 in Long Blades
  2647 | D:4      | Noticed Jmtri7's ghost (amateur MiFi)
  2656 | D:4      | Killed Jmtri7's ghost
  2656 | D:4      | Reached skill level 11 in Long Blades
  2794 | D:4      | Reached XP level 8. HP: 64/64 MP: 7/7
  3196 | D:5      | Entered Level 5 of the Dungeon
  3446 | D:5      | Reached skill level 12 in Long Blades
  3451 | D:5      | Found a sparkling altar of Nemelex Xobeh.
  3965 | D:6      | Found a sacrificial altar of Ru.
  4012 | D:6      | Found a staircase to the Ecumenical Temple.
  4061 | D:6      | Reached skill level 13 in Long Blades
  4597 | D:6      | Found an oddly glowing altar of Pakellas.
  4598 | D:6      | Noticed a gargoyle
  4828 | D:7      | Reached XP level 9. HP: 43/70 MP: 8/8
  4832 | D:7      | Reached **** piety under Trog
  4847 | D:8      | Reached skill level 14 in Long Blades
  5431 | D:7      | Found a snail-covered altar of Cheibriados.
  5533 | D:7      | Found a burning altar of Makhleb.
  5533 | D:7      | Noticed a cacodemon
  5536 | D:7      | Noticed a hellwing
  5536 | D:7      | Noticed a hellwing
  5619 | D:7      | Found a radiant altar of Vehumet.
  5737 | D:8      | Got a wizard robe
  5748 | D:8      | Identified the cursed +1 robe of the Prince {rElec rF+ rC- Dex+3} (You found it on level 8 of the Dungeon)
  6016 | D:8      | Noticed Prince Ribbit
  6023 | D:8      | Killed Prince Ribbit
  6073 | D:8      | Reached skill level 5 in Dodging
  6117 | D:8      | Found a shattered altar of Ashenzari.
  6709 | D:8      | Found a staircase to the Lair.
  6796 | D:8      | Found a hazy altar of Hepliaklqana.
  6808 | D:8      | Reached XP level 10. HP: 78/78 MP: 9/9
  7203 | D:9      | Noticed Joseph
  7214 | D:9      | Killed Joseph
  7232 | D:9      | Noticed Erica
  7238 | D:9      | Killed Erica
  7238 | D:9      | Reached skill level 10 in Dodging
  7360 | D:9      | Noticed Maurice
  7378 | D:9      | Found a sparkling altar of Nemelex Xobeh.
  7449 | D:9      | Found a bloodstained altar of Trog.
  7778 | D:10     | Entered Level 10 of the Dungeon
  7866 | D:10     | Reached skill level 15 in Long Blades
  7874 | D:10     | Reached ***** piety under Trog
  8730 | D:10     | Found a portal to a secret trove of treasure.
  8784 | D:11     | Noticed a gargoyle
  8787 | D:11     | Killed a gargoyle
  8787 | D:11     | Reached skill level 16 in Long Blades
  8787 | D:11     | Reached XP level 11. HP: 64/83 MP: 10/10
  9047 | D:11     | Noticed a deep elf mage
  9048 | D:11     | Noticed a deep elf mage
  9054 | D:11     | Killed a deep elf mage
  9056 | D:11     | Noticed a deep elf mage
  9059 | D:11     | Noticed a deep elf mage
  9060 | D:11     | Noticed a deep elf mage
  9061 | D:11     | Noticed a deep elf mage
  9063 | D:11     | Noticed a deep elf mage
  9064 | D:11     | Noticed a deep elf mage
  9065 | D:11     | Noticed a soul eater
  9066 | D:11     | Killed a deep elf mage
  9067 | D:11     | Noticed a deep elf mage
  9068 | D:11     | Killed a deep elf mage
  9069 | D:11     | Killed a deep elf mage
  9069 | D:11     | Reached skill level 17 in Long Blades
  9070 | D:11     | Killed a deep elf mage
  9071 | D:11     | Killed a deep elf mage
  9073 | D:11     | Killed a deep elf mage
  9074 | D:11     | Killed a deep elf mage
  9074 | D:11     | HP: 4/83 [deep elf mage/orb of energy (7)]
  9074 | D:11     | Killed from afar by a battlesphere

Vault maps used:
D:1:      dpeg_arrival_line_fractal, minmay_misc_feat_columns
D:2:      fedhas_altar_2, first_bread, st_stairs_3, minmay_door_square,
          grunt_qazlal_clouds
D:3:      okawaru_ov_weapons_minmay, uniq_iyjb, uniq_sigmund,
          uniq_crazy_yiuf_cottage
D:5:      nemelex_dance_club_becter
D:6:      nicolae_overflow_hidden_temple, gammafunk_pakellas_spire_experiment
D:7:      lemuel_crystal_altar, vehumet_crystals, makhleb_altar_promises_db
D:8:      old_standard_altar, nicolae_overflow_crystal_walls,
          grunt_lair_entry_orc_guard_hut, grunt_ogre_cave, uniq_prince_ribbit1
D:9:      lemuel_ice_spiral_2, marbit_many_paths, overflow_temple_1_default,
          uniq_joseph, uniq_maurice, uniq_erica
D:10:     enter_trove_1, minmay_strange_pillars
D:11:     david_orc_4, special_room, elves_outpost_lemuel

Skill      XL: |  1  2  3  4  5  6  7  8  9 10 11 |
---------------+----------------------------------+-----
Long Blades    | 4 5 6 7 8 9 11 13 14 16 17 | 17.6
Dodging        | 7 10 | 10.5
Fighting       | |  3.9
Armour         | |  2.4

Action                   |  1- 3 |  4- 6 |  7- 9 | 10-12 || total
-------------------------+-------+-------+-------+-------++-------
Melee: Falchion          |    41 |    49 |       |       ||    90
       Headbutt          |     6 |    27 |    64 |    39 ||   136
       Long sword        |       |    66 |   317 |    60 ||   443
       Great sword       |       |       |       |   110 ||   110
Invok: Berserk           |     1 |     1 |     9 |     3 ||    14
       Burn Spellbooks   |       |       |       |     1 ||     1
  Use: Scroll            |       |       |    16 |     7 ||    23
       Potion            |       |       |     1 |     1 ||     2
 Stab: Sleeping          |     1 |       |     3 |     1 ||     5
  Eat: Chunk             |     8 |    10 |    28 |    10 ||    56
Armor: Animal skin       |     2 |     9 |       |       ||    11
       Robe              |       |     9 |    78 |    31 ||   118
Dodge: Dodged            |    14 |    59 |   154 |   120 ||   347
Block: Buckler           |       |       |     7 |       ||     7
